 Dungeon Crawl Stone Soup version 0.16-a0-1885-g0f03bb0 (webtiles) character file.

409 Kraw the Cutter (level 7, -1/45 HPs)
             Began as a Halfling Abyssal Knight on Nov 7, 2014.
             Was a Priest of Lugonu.
             Slain by a wyvern (14 damage)
             ... on level 5 of the Dungeon.
             The game lasted 00:15:17 (4346 turns).

Kraw the Cutter (Halfling Abyssal Knight)           Turns: 4346, Time: 00:15:17

Health: -1/45      AC:  4    Str: 12    XL:     7   Next: 13%
Magic:  14/14      EV: 11    Int: 13    God:    Lugonu [***...]
Gold:   165        SH:  4    Dex: 14    Spells: 0 memorised, 6 levels left

rFire  . . .     SeeInvis .     a - +1 short sword
rCold  . . .     Clarity  .     A - +0 leather armour
rNeg   . . .     SustAb   .     u - +0 buckler
rPois  .         Gourm    .     H - +0 helmet
rElec  .         Spirit   .     (no cloak)
rCorr  .         Warding  .     (no gloves)
rMut   .         Stasis   .     (no boots)
MR     .....                    (no amulet)
Stlth  +.........               (no ring)
                                (no ring)

@: not resistant to hostile enchantments, very unstealthy
A: mutation resistance 1
a: Depart the Abyss, Bend Space, Banish, Renounce Religion


You were on level 5 of the Dungeon.
You worshipped Lugonu.
Lugonu was most pleased with you.
You were not hungry.

You visited 1 branch of the dungeon, and saw 5 of its levels.
You visited the Abyss 1 time.

You collected 165 gold pieces.

Inventory:

Hand weapons
 a - a +1 short sword (weapon)
 b - a +0 hunting sling
 o - a cursed -3 short sword
 s - a +0 dagger of venom
Missiles
 q - 71 sling bullets
 r - 2 tomahawks (quivered)
 v - 20 poisoned needles
Armour
 u - a +0 buckler (worn)
 A - a +0 leather armour (worn)
 H - a +0 helmet (worn)
Jewellery
 f - an uncursed ring of positive energy {unknown}
 j - an uncursed ring of protection from cold {unknown}
 k - an uncursed amulet of clarity {unknown}
 w - an uncursed ring of positive energy {unknown}
 y - a cursed ring of teleportation {unknown}
Magical devices
 x - a wand of confusion (21)
Scrolls
 d - 3 scrolls of identify {unknown}
 e - a scroll of remove curse {unknown}
 p - a scroll of immolation {unknown}
 D - a scroll of teleportation {unknown}
 E - a scroll of blinking {unknown}
 G - a scroll of recharging {unknown}
Potions
 h - 2 potions of brilliance {unknown}
 l - a potion of heal wounds {unknown}
 m - a potion of invisibility {unknown}
 t - a potion of agility {unknown}
 B - a potion of haste {unknown}
 F - a potion of curing {unknown}
Books
 C - a book of Necromancy

   Spells                             Type                      Level
   Pain                               Necromancy                   1
   Animate Skeleton                   Necromancy                   1
   Vampiric Draining                  Necromancy                   3
   Regeneration                       Charms/Necromancy            3
   Animate Dead                       Necromancy                   4
   Control Undead                     Necromancy                   4
Comestibles
 c - 4 bread rations
 g - a royal jelly
 i - 5 fruits
 n - 2 beef jerkies
 z - a meat ration


   Skills:
 - Level 2.6 Fighting
 + Level 6.8 Short Blades
 - Level 2.1 Armour
 - Level 1.1 Dodging
 + Level 5.6 Invocations


You had 6 spell levels left.
You didn't know any spells.

Dungeon Overview and Level Annotations

Branches:
Dungeon (5/15)
 Temple: D:4-7

Altars:
Ashenzari
Okawaru
Qazlal
Zin


Innate Abilities, Weirdness & Mutations

You are small and have problems with some larger weapons.
You are somewhat resistant to further mutation.


Message History

Press: ? - help, Shift-Dir - straight line, f/p - wyvern
Aim: a wyvern (lightly wounded)
You shoot a sling bullet. The sling bullet hits the wyvern.
The wyvern is moderately wounded.
a - a +1 short sword (weapon)
The wyvern bites you!
You hit the wyvern but do no damage.
The wyvern is moderately wounded.
The wyvern bites you.
You closely miss the wyvern.
The wyvern is moderately wounded.
The wyvern closely misses you.
You hit the wyvern but do no damage.
The wyvern is moderately wounded.
The wyvern bites you!
* * * LOW HITPOINT WARNING * * *
You hit the wyvern.
The wyvern is moderately wounded.
The wyvern bites you!
You die...

##.###.....##
......
#........###.....
##.......##.....#
###............#..#
#................>#
#..........###....#
#####......# ..
###.##..# #@.###..#
#..D# #..# ....#..#
... ##..###..# ..
##. ..(. .. ...?.
.# ..... # (... #


You could see a wyvern.

Vanquished Creatures
  2 ogres
  An iguana (D:4)
  2 orc wizards (D:4)
  4 adders
  2 worms
  4 giant geckos
  5 orcs
  3 ball pythons
  2 giant cockroaches
  13 goblins
  6 hobgoblins
  A quokka (D:4)
  9 bats
  4 giant newts
  A goblin skeleton (D:4)
  A hobgoblin zombie (D:4)
  9 kobolds
  2 rats (D:1)
71 creatures vanquished.

Vanquished Creatures (others)
  The ghost of ConnectionFaild the Shooter, an average GrHu (D:4)
1 creature vanquished.

Grand Total: 72 creatures vanquished

Notes
Turn   | Place    | Note
--------------------------------------------------------------
     0 | Abyss:1  | Kraw, the Halfling Abyssal Knight, began the quest for the Orb.
     0 | Abyss:1  | Reached XP level 1. HP: 15/15 MP: 1/1
    48 | Abyss:1  | Noticed a spatial maelstrom
    48 | Abyss:1  | Noticed a spatial vortex
    48 | Abyss:1  | Noticed a spatial vortex
    49 | Abyss:1  | Noticed a spatial vortex
    49 | Abyss:1  | Noticed a spatial vortex
    49 | Abyss:1  | Noticed a spatial vortex
    50 | D:1      | Escaped the Abyss
    93 | D:1      | Reached skill level 3 in Short Blades
   135 | D:1      | Acquired Lugonu's first power
   159 | D:1      | Reached XP level 2. HP: 13/20 MP: 2/2
   632 | D:2      | Reached XP level 3. HP: 25/25 MP: 4/4
   841 | D:2      | Acquired Lugonu's second power
  1161 | D:2      | Reached skill level 4 in Short Blades
  1446 | D:2      | Reached XP level 4. HP: 26/30 MP: 6/6
  2015 | D:3      | Found a glowing silver altar of Zin.
  2727 | D:3      | Found an iron altar of Okawaru.
  3129 | D:4      | Reached XP level 5. HP: 18/35 MP: 9/9
  3257 | D:4      | Noticed ConnectionFaild's ghost (average GrHu)
  3262 | D:4      | Reached skill level 5 in Short Blades
  3327 | D:3      | Noticed an ogre
  3334 | D:3      | Killed an ogre
  3334 | D:3      | Reached XP level 6. HP: 28/41 MP: 11/11
  3488 | D:4      | Found a shattered altar of Ashenzari.
  3560 | D:4      | Noticed an ogre
  3566 | D:4      | Found a stormy altar of Qazlal.
  3578 | D:4      | Killed an ogre
  3578 | D:4      | Reached skill level 6 in Short Blades
  3578 | D:4      | Reached skill level 5 in Invocations
  3703 | D:4      | Acquired Lugonu's third power
  4005 | D:4      | Banished ConnectionFaild's ghost
  4005 | D:4      | Reached XP level 7. HP: 45/45 MP: 14/14
  4272 | D:5      | Entered Level 5 of the Dungeon
  4327 | D:5      | Noticed a wyvern
  4346 | D:5      | Slain by a wyvern

Action                   |  1- 3 |  4- 6 |  7- 9 || total
-------------------------+-------+-------+-------++-------
Melee: Short sword       |    86 |   119 |     5 ||   210
 Fire: Hunting sling     |       |    40 |     8 ||    48
Throw: Stone             |    38 |    11 |       ||    49
       Tomahawk          |    20 |    19 |       ||    39
Invok: Depart the Abyss  |     1 |       |       ||     1
       Bend Space        |       |     3 |       ||     3
       Banish            |       |       |     1 ||     1
  Eat: Chunk             |     2 |     8 |     1 ||    11
